 Dungeon Crawl Stone Soup version 0.29-a0-542-g075992c915 (webtiles) character file.

Game seed: 8149523560983549547

4837 Morbidden the Martial Artist (level 11, -6/105 HPs)
             Began as a Meteoran Transmuter on June 3, 2022.
             Was an Elder of Okawaru.
             Mangled by an orc warrior
             ... wielding a +0 trident
              (7 damage)
             ... on level 9 of the Dungeon.
             The game lasted 00:21:05 (3838 turns).

Morbidden the Martial Artist (Meteoran Transmuter)  Turns: 3838, Time: 00:21:05

Health: -6/105     AC:  8    Str: 18    XL:     11   Next: 5%
Magic:  22/22      EV: 16    Int: 18    God:    Okawaru [****..]
Gold:   365        SH:  0    Dex: 16    Spells: 12/24 levels left

rFire   x . .      SeeInvis .     - Unarmed
rCold   + + +      Faith    .   (shield currently unavailable)
rNeg    . . .      Spirit   .   (body armour currently unavailable)
rPois   +          Reflect  .   (helmet currently unavailable)
rElec   .          Harm     .   (cloak currently unavailable)
rCorr   .          Rampage  .   (gloves currently unavailable)
Will    +....                   (boots currently unavailable)
Stlth   +.........              w - amulet of regeneration
HPRegen 1.07/turn               c - +4 ring of evasion
MPRegen 0.18/turn               t - +6 ring of strength

@: confused, ice-form, glowing
A: freezing attack, amphibious, boosted hp, large, sense surroundings 2,
otherworldly, glowing, explore regen
a: End Transformation, Renounce Religion, Heroism, Finesse


You were on level 9 of the Dungeon.
You worshipped Okawaru.
Okawaru was greatly pleased with you.
You were a creature of crystalline ice.
You visited 2 branches of the dungeon, and saw 10 of its levels.

You collected 365 gold pieces.

Inventory:

Hand Weapons
 b - the +6 hunting sling of Niosm {speed, Dex+4}
   (You found it on level 4 of the Dungeon)

   Attacks with this weapon are significantly faster.
   Dex:       It affects your dexterity (+4).
Missiles
 k - 5 boomerangs
Armour
 o - the +3 leather armour of the Forgotten Tusks (melded) {rPois rCorr}
   (You found it on level 4 of the Dungeon)

   rPois:     It protects you from poison.
   rCorr:     It protects you from acid and corrosion.
 u - the +1 pair of gloves "Pecotaesk" (melded) {rC+}
   (You found it on level 5 of the Dungeon)

   rC:        It protects you from cold.
 B - a +2 buckler
 F - a +0 helmet (melded)
Jewellery
 c - a +4 ring of evasion (left front paw)
 t - a +6 ring of strength (right front paw)
 w - an amulet of regeneration (around neck)
 x - an amulet of faith
Wands
 a - a wand of acid (2)
 r - a wand of paralysis (17)
 s - a wand of iceblast (15)
 v - a wand of flame (15)
Scrolls
 d - 4 scrolls of teleportation
 g - a scroll of noise {unknown}
 h - a scroll of magic mapping {unknown}
 l - 3 scrolls of identify {unknown}
 n - a scroll of blinking {unknown}
 y - 2 scrolls of silence {unknown}
 D - a scroll of immolation {unknown}
 G - a scroll of fog {unknown}
 H - a scroll of torment {unknown}
Potions
 e - a potion of ambrosia {unknown}
 f - 2 potions of berserk rage {unknown}
 i - 3 potions of haste {unknown}
 j - a potion of flight {unknown}
 m - a potion of invisibility {unknown}
 p - 3 potions of curing {unknown}
 q - 4 potions of lignification
 z - a potion of mutation {unknown}
 A - a potion of cancellation {unknown}
 C - a potion of heal wounds {unknown}
 E - 2 potions of resistance {unknown}


   Skills:
 * Level 5.2 Fighting
 + Level 1.6(3.4) Slings
 * Level 5.2(5.4) Throwing
 + Level 1.9 Armour
 * Level 6.0 Dodging
 + Level 0.2 Stealth
 * Level 10.1 Unarmed Combat
 * Level 7.2 Spellcasting
 * Level 6.7 Transmutations
 * Level 4.7 Ice Magic
 * Level 4.5 Invocations


You had 12 spell levels left.
You knew the following spells:

 Your Spells              Type           Power      Damage    Failure   Level
a - Beastly Appendage     Tmut           60%        N/A       1%          1
b - Ice Form              Ice/Tmut       27%        N/A       10%         4
c - Blade Hands           Tmut           15%        N/A       19%         5
z - Wereblood             Tmut           30%        N/A       1%          2

Your spell library contained the following spells:

 Spells                   Type           Power      Damage    Failure   Level
 Spider Form              Tmut/Pois      18%        N/A       8%          3
 Scorch                   Fire           12%        2d6       16%         2
 Gell's Gravitas          Tloc           6%         N/A       32%         3
 Lesser Beckoning         Tloc           6%         N/A       32%         3
 Teleport Other           Tloc           6%         N/A       32%         3
 Flame Wave               Conj/Fire      6%         2d5       71%         4
 Iron Shot                Conj/Erth      3%         9d2       100%        6
 Animate Armour           Summ/Erth      Unusable   N/A       N/A         4
 Summon Cactus Giant      Summ           Unusable   N/A       N/A         6

Dungeon Overview and Level Annotations

Branches:
Dungeon (9/15)             Temple (1/1) D:5
   Lair: D:8-11         Orc: D:9-12

Altars:
Ashenzari
Cheibriados
Fedhas
Gozag
Makhleb
Nemelex Xobeh
Okawaru
Ru
Trog
Uskayaw
Vehumet
Xom
Zin
The Shining One

Annotations:
D:5 2 transporters, MagicSucks's ghost, weakling NaDe


Innate Abilities, Weirdness & Mutations

You are a creature of crystalline ice.
You have a powerful freezing melee attack.
You are amphibious.
Your maximum health is increased.
Your armour is entirely melded.
You are incapable of wielding weapons or throwing items.
You passively map the area around you.
You are easily found by Zot.
You glow in the dark.
You regain HP and MP as you explore.


Message History

* * * LOW HITPOINT WARNING * * *
The orc warrior hits you with a +0 trident!
* * * LOW HITPOINT WARNING * * *
You see here a yak corpse.
Unknown command.
You punch something! You freeze something.
You feel a bit better. Okawaru accepts your kill.
Reactivating autopickup.
You feel a bit more experienced.
You feel sick.
You are no longer poisoned.
The kobold misses you. The yak gores you but does no damage.
The kobold brigand hits you with a +0 dagger.
* * * LOW HITPOINT WARNING * * *
The orc warrior hits you but does no damage.
The orc hits you but does no damage.
Unknown command.
Unknown command.
The orc attacks as you move away! The orc closely misses you.
The orc attacks as you move away! The orc misses you.
Your primal bloodlust has ended.
A killer bee comes into view.
The kobold throws a stone.
The stone hits you but does no damage. The yak gores you!
* * * LOW HITPOINT WARNING * * *
Something closely misses you. The orc warrior barely misses you.
Unknown command.
You're too confused to move!
The kobold throws a stone.
The stone hits you.
* * * LOW HITPOINT WARNING * * *
The orc closely misses you. The yak barely misses you.
The kobold brigand hits you with a +0 dagger.
* * * LOW HITPOINT WARNING * * *
The orc warrior hits you but does no damage.
The orc closely misses you.
Unknown command.
Unknown command.
You closely miss the two-headed ogre. The yak gores you but does no damage.
The kobold brigand hits you with a +0 dagger.
* * * LOW HITPOINT WARNING * * *
The orc warrior hits you from afar with a +0 trident!
You die...

,, , , **
##...##### , ,
* ......... ≈ ≈
* #......., , ,
* ≈ ≈≈
#>.....#### , *
≈ #.#(#......,
, , ≈≈
###.#.#...... ,
, *,*
#...Ky)K...# *
,* #..YO.y.#,,
,, ,+.oYo<..+ ,
, ,,, , *
*#..KKoK.# , o
### ## * **
###Y..........
.. .. *
,,#.##.#####.≈≈
.≈#. * #.# ..
,.≈≈. ≈#. , , ,
, ≈≈≈.# ### *
#..o? $. * * *
*≈ ≈≈≈#
#....o#: , *, ≈
≈≈≈≈ #....≈.<


You could see a two-headed ogre, 2 yaks, an orc warrior, a kobold brigand, 2
killer bees, 2 orcs and 4 kobolds.

Vanquished Creatures
  Pikel (D:8)
  Joseph (D:7)
  Maggie (D:7)
  Prince Ribbit (D:7)
  A wyvern (D:9)
  3 yaks (D:9)
  2 ice beasts
  2 orc warriors
  3 black bears
  A centaur (D:7)
  2 ogres
  2 phantoms
  A kobold brigand (D:8)
  2 bullfrogs (D:8)
  2 scorpions
  9 wights (D:7)
  5 killer bees (D:8)
  3 howler monkeys (D:8)
  5 hounds
  A jelly (D:5)
  3 orc priests
  2 gnoll shamans (D:6)
  9 orc wizards
  16 gnolls
  7 adders
  2 white imps
  2 ufetubi
  2 dart slugs
  32 orcs
  10 ball pythons
  10 bats
  7 endoplasms
  15 goblins
  5 hobgoblins
  5 jackals
  9 kobolds
  A quokka (D:1)
  2 frilled lizards
  2 rats
189 creatures vanquished.

Vanquished Creatures (others)
  A fungus (D:7)
  2 plants
3 creatures vanquished.

Grand Total: 192 creatures vanquished

Notes
Turn   | Place    | Note
-------+----------+-------------------------------------------
     0 | D:1      | Morbidden the Meteoran Transmuter began the quest for the
                  | Orb.
     0 | D:1      | Reached XP level 1. HP: 16/16 MP: 5/5
   213 | D:1      | Reached XP level 2. HP: 22/23 MP: 4/6
   226 | D:1      | Reached skill level 4 in Unarmed Combat
   231 | D:1      | Learned a level 2 spell: Wereblood
   324 | D:1      | Reached XP level 3. HP: 28/28 MP: 6/8
   538 | D:2      | Reached XP level 4. HP: 28/35 MP: 9/9
   793 | D:2      | Learned a level 4 spell: Ice Form
   824 | D:2      | Found a faded altar of an unknown god.
  1038 | D:3      | Reached XP level 5. HP: 17/41 MP: 7/10
  1148 | D:3      | Noticed an ogre
  1164 | D:3      | Killed an ogre
  1165 | D:3      | Reached skill level 5 in Unarmed Combat
  1165 | D:3      | Reached skill level 1 in Ice Magic
  1165 | D:3      | Reached XP level 6. HP: 48/48 MP: 8/12
  1557 | D:4      | Identified the +3 leather armour of the Forgotten Tusks
                  | {rPois rCorr}
  1636 | D:4      | Reached XP level 7. HP: 45/55 MP: 11/14
  1673 | D:4      | Reached skill level 6 in Unarmed Combat
  1701 | D:4      | Identified the +6 hunting sling of Niosm {speed, Dex+4}
  1874 | D:5      | Entered Level 5 of the Dungeon
  1894 | D:5      | Noticed MagicSucks's ghost (weakling NaDe)
  1903 | D:5      | Found a transporter.
  1940 | D:5      | Found a transporter.
  1947 | D:5      | Found a staircase to the Ecumenical Temple.
  1964 | Temple   | Entered the Ecumenical Temple
  2082 | Temple   | Became a worshipper of Warmaster Okawaru
  2161 | D:5      | Reached skill level 1 in Throwing
  2161 | D:5      | Reached skill level 5 in Transmutations
  2161 | D:5      | Reached XP level 8. HP: 29/62 MP: 12/15
  2166 | D:5      | Reached skill level 1 in Invocations
  2173 | D:5      | Identified the +1 pair of gloves "Pecotaesk" {rC+}
  2207 | D:5      | Reached * piety under Okawaru
  2208 | D:5      | Reached skill level 1 in Slings
  2208 | D:5      | Reached skill level 1 in Armour
  2262 | D:6      | Reached skill level 7 in Unarmed Combat
  2392 | D:6      | Gained mutation: You passively map the area around you.
                  | [Meteoran growth]
  2392 | D:6      | Reached XP level 9. HP: 68/68 MP: 14/17
  2749 | D:7      | Noticed Joseph
  2760 | D:7      | Killed Joseph
  2761 | D:7      | Reached skill level 5 in Spellcasting
  2777 | D:7      | Reached ** piety under Okawaru
  2780 | D:7      | Reached skill level 8 in Unarmed Combat
  2782 | D:7      | Reached skill level 5 in Dodging
  3008 | D:7      | Noticed Maggie
  3028 | D:7      | Killed Maggie
  3029 | D:7      | Reached XP level 10. HP: 10/80 MP: 14/19
  3061 | D:7      | Noticed Prince Ribbit
  3069 | D:7      | Killed Prince Ribbit
  3069 | D:7      | Reached *** piety under Okawaru
  3111 | D:7      | Learned a level 5 spell: Blade Hands
  3242 | D:8      | Reached skill level 9 in Unarmed Combat
  3626 | D:8      | Noticed Pikel
  3632 | D:8      | Killed Pikel
  3632 | D:8      | Reached **** piety under Okawaru
  3633 | D:8      | Reached skill level 5 in Fighting
  3654 | D:8      | Reached skill level 5 in Throwing
  3750 | D:9      | Noticed a two-headed ogre
  3823 | D:9      | Reached skill level 10 in Unarmed Combat
  3824 | D:9      | Reached XP level 11. HP: 78/88 MP: 18/22
  3837 | D:9      | HP: 3/105 [kobold brigand/+0 dagger (5)]
  3838 | D:9      | HP: 1/105 [kobold brigand/+0 dagger (3)]
  3838 | D:9      | Mangled by an orc warrior

Illustrated notes

Levels and vault maps discovered:
D:1:      erik_arrival_triangle_large, layout_basic
D:2:      layout_loops_corners, serial_forest, infiniplex_forest_straight_5,
          infiniplex_forest_lined_corner, infiniplex_forest_clump_cross,
          infiniplex_forest_clump_large, infiniplex_forest_straight_4,
          infiniplex_forest_straight_4, infiniplex_forest_lined_room_2,
          infiniplex_forest_straight_4, infiniplex_forest_clump_large,
          hellmonk_ecumenical_altar_crossroads
D:3:      layout_loops_ring, minmay_ogre_servants
D:4:      minmay_inner_zag, layout_basic, minivault_25
D:5:      layout_rooms, minmay_temple_entry_junction,
          gammafunk_ghost_stat_death, st_stairs_1
D:6:      layout_basic
D:7:      layout_loops_corners, dreamdust_gnoll_farm, uniq_joseph,
          uniq_prince_ribbit1, uniq_maggie
D:8:      layout_basic, uniq_pikel
D:9:      layout_basic, nicolae_sif_muna_condensation, david_orc_2,
          hangedman_abyss_or_decor_stagger
Temple:   mainiacjoe_temple_circle_huts

Skill      XL: |  1  2  3  4  5  6  7  8  9 10 11 |
---------------+----------------------------------+-----
Unarmed Combat | 4 5 6 7 8 10 | 10.1
Transmutations | 3 4 5 6 |  6.7
Spellcasting   | 3 4 5 7 |  7.2
Dodging        | 3 4 5 6 |  6.0
Fighting       | 2 4 5 |  5.2
Ice Magic      | 1 2 3 4 |  4.7
Throwing       | 1 2 4 5 |  5.2
Invocations    | 2 3 4 |  4.5
Slings         | 1 |  1.6
Armour         | 1 |  1.9
Stealth        | |  0.2

Action                   |  1- 3 |  4- 6 |  7- 9 | 10-12 || total
-------------------------+-------+-------+-------+-------++-------
Melee: Unarmed           |    71 |   136 |   163 |   118 ||   488
       Kick              |    14 |    25 |    24 |     2 ||    65
       Headbutt          |     5 |    12 |    13 |     1 ||    31
       Punch             |       |     3 |     1 |     3 ||     7
 Fire: Hunting sling     |       |       |    16 |       ||    16
 Cast: Beastly Appendage |    13 |    21 |    12 |     2 ||    48
       Wereblood         |     2 |     1 |     7 |     8 ||    18
       Ice Form          |       |       |     5 |     6 ||    11
Invok: Heroism           |       |       |     1 |       ||     1
Evoke: Wand              |       |       |     1 |       ||     1
  Use: Scroll            |       |       |     1 |       ||     1
Armor: Robe              |    23 |    15 |       |       ||    38
       Leather armour    |       |     6 |    35 |     9 ||    50
       Skin              |       |       |     7 |    51 ||    58
Dodge: Dodged            |    66 |    88 |   134 |   140 ||   428

Table legend: (Time is in decaauts)
 A = Elapsed time spent in this place.
 B = Non-inter-level travel time spent in this place.
 C = Inter-level travel time spent in this place.
 D = Time resting spent in this place.
 E = Time spent auto-exploring this place.
 F = Levels seen in this place.
 G = Mean time per level.
                   A        B        C        D        E       F      G
               +--------+--------+--------+--------+--------+-----+--------+
         Total |   3773 |   3297 |    476 |      0 |    290 |  10 |  377.3 |
       Dungeon |   3628 |   3186 |    442 |      0 |    213 |   9 |  403.1 |
        Temple |    145 |    111 |     34 |      0 |     77 |   1 |  145.0 |
               +--------+--------+--------+--------+--------+-----+--------+

Top non-repeatable levels by time:
     D:8: 592 daAuts
     D:4: 519 daAuts
     D:7: 511 daAuts
     D:2: 505 daAuts
     D:1: 466 daAuts
     D:6: 433 daAuts
     D:3: 358 daAuts
     D:5: 204 daAuts
  Temple: 145 daAuts
     D:9: 36 daAuts
